 Seeded DCSS version 0.30.1-4-g462c640d31 (webtiles) character file.

Game seed: 6351066067085065685 (custom seed)

29460 Esekla the Eclecticist (level 13, -1/74 HPs)
             Began as a Deep Elf Necromancer on Aug 15, 2023.
             Was a High Priest of Vehumet.
             Engulfed by a cloud of freezing vapour (20 damage)
             ... on level 3 of the Lair of Beasts.
             The game lasted 01:50:38 (15062 turns).

Esekla the Eclecticist (Deep Elf Necromancer)      Turns: 15062, Time: 01:50:38

Health: -1/74      AC: 10    Str:  5    XL:     13   Next: 15%
Magic:  38/44      EV: 16    Int: 26    God:    Vehumet [*****.]
Gold:   835        SH:  5    Dex: 18    Spells: 2/44 levels left

rFire   . . .        s - +5 rapier of the Hero {heavy, rN+ Dex+3}
rCold   . . .        I - +0 buckler
rNeg    + . .        T - +0 troll leather armour
rPois   .            P - +1 helmet
rElec   .            F - +0 cloak
rCorr   .            j - +0 pair of gloves
SInv    .            K - +0 pair of boots {rampage}
Will    +....        A - amulet of magic regeneration
Stlth   +++          h - ring of magical power
HPRegen 1.12/turn    J - ring of the Mage {Wiz Archmagi}
MPRegen 0.69/turn

%: rampage, wizardry (x1), archmagi
@: lethally poisoned (-1 -> -3), studying Fighting
A: no striking features
a: Renounce Religion


You were on level 3 of the Lair of Beasts.
You worshipped Vehumet.
Vehumet was extremely pleased with you.
You visited 3 branches of the dungeon, and saw 16 of its levels.
You also visited: Bailey.

You collected 1549 gold pieces.
You spent 714 gold pieces at shops.

Inventory:

Hand Weapons
 a - a +5 scimitar
 r - a +4 trident of venom
 s - the +5 rapier of the Hero (weapon) {heavy, rN+ Dex+3}
   (You found it on level 3 of the Dungeon)

   Dex:       It affects your dexterity (+3).
   rN:        It protects you from negative energy.
 v - a +2 rapier of venom
 y - a +5 long sword
Missiles
 E - 47 poisoned darts (quivered)
 L - 4 curare-tipped darts
 O - 10 boomerangs
Armour
 j - a +0 pair of gloves (worn)
 F - a +0 cloak (worn)
 I - a +0 buckler (worn)
 K - a +0 pair of boots of rampaging (worn)
 P - a +1 helmet (worn)
 T - a +0 troll leather armour (worn)
Magical Staves
 f - a staff of fire
Jewellery
 h - a ring of magical power (left hand)
 n - an amulet of reflection
 t - a ring of ice
 A - an amulet of magic regeneration (around neck)
 J - the ring of the Mage (right hand) {Wiz Archmagi}
   (You bought it in a shop on level 2 of the Dungeon)

   [ring of wizardry]

   It improves your spell success rate.
   Archmagi:  It increases the power of your magical spells.
Wands
 p - a wand of roots (8)
 C - a wand of flame (24)
 G - a wand of mindburst (5)
 R - a wand of digging (6)
Scrolls
 c - 5 scrolls of blinking {unknown}
 e - 4 scrolls of fear {unknown}
 l - a scroll of enchant armour
 m - a scroll of amnesia
 u - 3 scrolls of fog
 w - 4 scrolls of enchant weapon {unknown}
 x - 2 scrolls of silence
 z - a scroll of magic mapping
 D - 2 scrolls of teleportation
 H - 2 scrolls of poison
 N - 3 scrolls of acquirement
Potions
 b - 3 potions of magic
 d - 3 potions of ambrosia {unknown}
 g - 2 potions of mutation {unknown}
 i - 8 potions of curing
 k - 7 potions of attraction
 o - 2 potions of degeneration {unknown}
 q - 4 potions of haste
 B - 2 potions of lignification
 M - 5 potions of brilliance {unknown}
 Q - a potion of cancellation
 S - a potion of might {unknown}
 U - 3 potions of flight
 V - 2 potions of heal wounds


   Skills:
 * Level 5.8 Fighting
 + Level 4.1(4.8) Short Blades
 + Level 3.3(4.1) Long Blades
 + Level 2.3 Throwing
 * Level 3.2 Armour
 * Level 9.7 Dodging
 + Level 5.9 Stealth
 - Level 3.1 Shields
 * Level 16.2 Spellcasting
 * Level 2.1 Conjurations
 + Level 12.0 Necromancy
 + Level 3.2 Translocations
 * Level 2.6 Transmutations
 + Level 7.0 Fire Magic
 * Level 2.0 Ice Magic
 * Level 4.0 Air Magic
 * Level 2.6 Poison Magic
 + Level 1.2 Evocations


You had 2 spell levels left.
You knew the following spells:

 Your Spells              Type           Power      Damage    Failure   Level
a - Shock                 Conj/Air       100%       1d9       1%          1
b - Necrotise             Necr           100%       1d9       1%          1
c - Mephitic Cloud        Conj/Pois/Air  53%        N/A       1%          3
d - Vampiric Draining     Necr           90%        2d12      1%          3
e - Conjure Ball Lightni  Conj/Air       27%        3x3d8     28%         6
f - Fireball              Conj/Fire      30%        3d13      3%          5
g - Ozocubu's Refrigerat  Ice            24%        4d12      87%         7
h - Momentum Strike       Conj/Tloc      100%       3d10      1%          2
o - Scorch                Fire           100%       2d9       1%          2
t - Teleport Other        Tloc           54%        N/A       2%          3
v - Poisonous Vapours     Pois/Air       100%       N/A       1%          2
w - Wereblood             Tmut           51%        N/A       1%          2
z - Freezing Cloud        Conj/Ice/Air   26%        6-21      7%          5

Your spell library contained the following spells:

 Spells                   Type           Power      Damage    Failure   Level
 Foxfire                  Conj/Fire      100%       2x1d9     1%          1
 Lesser Beckoning         Tloc           100%       N/A       1%          2
 Sublimation of Blood     Necr           90%        N/A       1%          2
 Hailstorm                Conj/Ice       48%        3d11      1%          3
 Stone Arrow              Conj/Erth      80%        3d12      1%          3
 Animate Dead             Necr           90%        N/A       1%          4
 Agony                    Necr           90%        N/A       1%          5
 Gell's Gravitas          Tloc           54%        N/A       2%          3
 Spider Form              Tmut/Pois      51%        N/A       2%          3
 Manifold Assault         Tloc           54%        N/A       8%          4
 Plasma Beam              Fire/Air       33%        2x1d50    12%         6
 Starburst                Conj/Fire      30%        6d9       17%         6
 Cause Fear               Hex            15%        N/A       26%         4
 Summon Mana Viper        Hex/Summ       31%        N/A       56%         5
 Dispersal                Tloc           27%        N/A       69%         6
 Summon Hydra             Summ           15%        N/A       100%        7
 Disjunction              Tloc           27%        N/A       100%        8


Dungeon Overview and Level Annotations

Branches:
Dungeon (12/15)            Temple (0/1) D:6            Lair (3/5) D:11
 Shoals (0/4) Lair:2       Spider (0/4) Lair:3          Orc (1/2) D:10
 Bailey (visited)

Altars:
Dithmenos
Fedhas
Hepliaklqana
Nemelex Xobeh
Okawaru
Qazlal
Ru
Trog
Uskayaw
Vehumet
Zin
The Shining One

Shops:
D:2 =   D:4 (   D:11 *

Portals:
Trove: D:12 (lose all piety)

Annotations:
D:7 Joseph
D:10 gargoyle


Message History

The spriggan is poisoned.
The black mamba bites you!
You are poisoned.
The black mamba poisons you!
The spriggan hits you but does no damage.
Casting: Poisonous Vapours (safe; 1% risk of failure)
Confirm with . or Enter, or press ? or * to list all spells.
Aiming: Poisonous Vapours (safe; 1% risk of failure)
Press: ? - help, Dir - move target, f - boggart, p - spriggan
Aim: a boggart You feel a surge of power!
Poisonous vapours surround the boggart!
The boggart is poisoned.
You feel very sick. You block the black mamba's attack.
The spriggan hits you with a +0 short sword.
The black mamba misses you.
The boggart mumbles some strange words.
You feel very sick. The black mamba bites you!
The black mamba attacks as you move away!
The black mamba bites you but does no damage.
You feel very sick. You block the black mamba's attack.
Casting: Poisonous Vapours (safe; 1% risk of failure)
Confirm with . or Enter, or press ? or * to list all spells.
Aiming: Freezing Cloud (dangerous; 7% risk of failure)
Press: ? - help, Dir - move target, p - boggart You feel a surge of power!
That beam is likely to hit you.
Continue anyway?
You are engulfed in freezing vapours.
You feel sick.
The black mamba is engulfed in freezing vapours.
The black mamba bites you!
* * * LOW HITPOINT WARNING * * *
The boggart is engulfed in freezing vapours.
You kill the boggart!
Vehumet accepts your kill.
The black mamba dissolves into shadows!
The komodo dragon dissolves into shadows!
Your Air Magic skill increases to level 4!
You are engulfed in freezing vapours.
You die...

♣♣ ♣♣♣§ ♣♣l§ ♣.§♣ ♣♣§♣ ♣♣§♣♣ ♣§♣♣
♣♣@§♣ ♣♣♣§.♣♣ ♣...♣♣ ♣.♣♣♣
#############.###################
.................................
...)...................÷...).....
..........#..##..P..........#.#..
..........########.........#.....


There were no monsters in sight!

Vanquished Creatures
  Harold (D:9)
  A hydra (Lair:3)
  2 boulder beetles (Lair:2)
  3 two-headed ogres
  Lodul (D:11)
  Pikel (D:7)
  An ugly thing (D:12)
  3 orc knights
  4 cyclopes
  A merfolk siren (Lair:2)
  2 black mambas
  A torpor snail (Lair:2)
  A gargoyle (D:11)
  2 cane toads
  Psyche (D:11)
  2 rime drakes
  A kobold demonologist (D:9)
  6 komodo dragons
  2 merfolk (Lair:2)
  A polar bear (D:11)
  6 trolls
  5 blink frogs (Lair:1)
  4 centaur simulacra (D:11)
  15 yaks
  A vampire (D:12)
  A culicivora (Lair:3)
  A wraith (D:12)
  2 basilisks
  2 steam dragons
  5 wyverns
  Menkaure (D:7)
  6 ice beasts
  5 water moccasins
  A sky beast (D:6)
  12 orc warriors
  2 black bears
  10 ogres
  2 centaurs
  A boggart (Lair:3)
  12 wolves
  A phantom (D:7)
  2 lemures
  Blork the orc (D:6)
  4 kobold brigands
  4 gnoll sergeants
  9 bullfrogs
  3 scorpions
  10 wights
  18 killer bees
  2 howler monkeys (D:10)
  An electric eel (D:11)
  2 quasits (D:8)
  2 gnoll boudas
  5 hounds
  A jelly (D:6)
  Crazy Yiuf (D:7)
  8 orc priests
  7 hell rats (Lair:2)
  A sleepcap (D:5)
  5 iguanas
  11 orc wizards
  30 gnolls
  9 adders
  3 shadow imps (D:8)
  9 white imps
  An ufetubus (D:8)
  A worm (D:4)
  3 dart slugs
  58 orcs
  6 ball pythons
  4 endoplasms
  9 goblins
  7 hobgoblins
  A quokka (D:1)
  4 bats
  4 frilled lizards
  21 kobolds
  A rat (D:2)
400 creatures vanquished.

Vanquished Creatures (others)
  An orc wizard (D:11)
  2 ufetubi (D:8)
3 creatures vanquished.

Grand Total: 403 creatures vanquished

Notes
Turn   | Place    | Note
-------+----------+-------------------------------------------
     0 | D:1      | Esekla the Deep Elf Necromancer began the quest for the
                  | Orb.
     0 | D:1      | Reached XP level 1. HP: 10/10 MP: 6/6
   245 | D:2      | Noticed a black bear
   341 | D:4      | Found an iron altar of Okawaru.
   353 | D:4      | Found a glowing silver altar of Zin.
   428 | D:4      | Found a radiant altar of Vehumet.
   437 | D:4      | Found a glowing golden altar of the Shining One.
   451 | D:4      | Became a worshipper of Vehumet
   537 | D:3      | Reached skill level 5 in Necromancy
   569 | D:3      | Reached XP level 2. HP: 10/15 MP: 8/8
   697 | D:3      | Found a hazy altar of Hepliaklqana.
   751 | D:3      | Found a stormy altar of Qazlal.
  1004 | D:3      | Identified the +5 rapier of the Hero {heavy, rN+ Dex+3}
  1268 | D:3      | Found a bloodstained altar of Trog.
  1280 | D:3      | Reached skill level 1 in Short Blades
  1280 | D:3      | Reached XP level 3. HP: 18/19 MP: 9/9
  1286 | D:3      | Learned a level 3 spell: Vampiric Draining
  1399 | D:2      | Reached XP level 4. HP: 16/24 MP: 4/11
  1561 | D:2      | Found a faded altar of an unknown god.
  1604 | D:2      | Reached * piety under Vehumet
  1604 | D:2      | Offered knowledge of Shock by Vehumet.
  1739 | D:2      | Killed a black bear
  1740 | D:2      | Reached skill level 4 in Spellcasting
  1740 | D:2      | Reached XP level 5. HP: 16/28 MP: 2/13
  1892 | D:2      | Found Renulab's Jewellery Shop.
  2167 | D:1      | Learned a level 1 spell: Shock
  2414 | D:2      | Learned a level 3 spell: Teleport Other
  2668 | D:4      | Found Ponaysk's Antique Weapon Boutique.
  2817 | D:4      | Reached XP level 6. HP: 30/32 MP: 14/14
  2878 | D:4      | Reached ** piety under Vehumet
  2878 | D:4      | Offered knowledge of Momentum Strike by Vehumet.
  2884 | D:4      | Learned a level 2 spell: Momentum Strike
  3056 | D:4      | Reached skill level 5 in Spellcasting
  3321 | D:5      | Entered Level 5 of the Dungeon
  3330 | D:5      | Got the Parchment of the Lumpy Olives
  3339 | D:5      | Found a shadowy altar of Dithmenos.
  3495 | D:5      | Reached skill level 6 in Spellcasting
  3495 | D:5      | Reached XP level 7. HP: 24/36 MP: 14/18
  3811 | D:5      | Reached skill level 5 in Dodging
  4134 | D:6      | Noticed Pikel
  4243 | D:6      | Reached skill level 7 in Spellcasting
  4283 | D:6      | Found a staircase to the Ecumenical Temple.
  4463 | D:6      | Reached XP level 8. HP: 36/41 MP: 17/20
  4477 | D:6      | Reached skill level 5 in Stealth
  4567 | D:6      | Found a blossoming altar of Fedhas.
  4582 | D:6      | Offered knowledge of Scorch by Vehumet.
  4622 | D:6      | Learned a level 2 spell: Scorch
  4972 | D:6      | Noticed Blork the orc
  4985 | D:6      | Killed Blork the orc
  4986 | D:6      | Reached skill level 8 in Spellcasting
  5079 | D:7      | Reached *** piety under Vehumet
  5181 | D:7      | Killed Pikel
  5182 | D:7      | Reached skill level 9 in Spellcasting
  5182 | D:7      | Reached skill level 1 in Translocations
  5182 | D:7      | Reached skill level 1 in Fire Magic
  5182 | D:7      | Reached XP level 9. HP: 44/45 MP: 15/24
  5251 | D:7      | Found a runed translucent door.
  5252 | D:7      | Noticed Crazy Yiuf
  5258 | D:7      | Killed Crazy Yiuf
  5399 | D:7      | Noticed Menkaure
  5404 | D:7      | Killed Menkaure
  5633 | D:7      | Reached skill level 10 in Spellcasting
  5801 | D:7      | Offered knowledge of Sticky Flame by Vehumet.
  5857 | D:7      | Noticed Joseph
  5924 | D:8      | Noticed a two-headed ogre
  6453 | D:8      | Killed a two-headed ogre
  6454 | D:8      | Reached skill level 1 in Shields
  6478 | D:8      | Reached **** piety under Vehumet
  6481 | D:8      | Reached XP level 10. HP: 50/50 MP: 19/26
  6500 | D:8      | Reached skill level 11 in Spellcasting
  6549 | D:8      | Offered knowledge of Stone Arrow by Vehumet.
  6566 | D:8      | Learned a level 3 spell: Stone Arrow
  6721 | D:8      | Found a hide-covered altar of Uskayaw.
  6828 | D:8      | Found a transporter.
  6828 | D:8      | Found a transporter.
  6829 | D:8      | Found a transporter.
  6877 | D:8      | Found a transporter.
  7270 | D:9      | Found a flagged portal.
  7285 | Bailey   | Entered a bailey
  7348 | Bailey   | Reached skill level 10 in Necromancy
  7348 | Bailey   | Reached skill level 5 in Fire Magic
  7409 | Bailey   | Reached skill level 1 in Long Blades
  7418 | Bailey   | Identified the +2 bardiche of Puhoisos {heavy, rElec
                  | Stlth+}
  7596 | Bailey   | Noticed an orc knight
  7596 | Bailey   | Noticed an orc knight
  7646 | Bailey   | Killed an orc knight
  7647 | Bailey   | Reached skill level 1 in Throwing
  7667 | Bailey   | Killed an orc knight
  7937 | D:9      | Noticed Harold
  7952 | D:9      | Killed Harold
  7953 | D:9      | Reached skill level 1 in Fighting
  7953 | D:9      | Reached skill level 1 in Evocations
  8114 | D:9      | Noticed a cyclops
  8121 | D:9      | Killed a cyclops
  8122 | D:9      | Reached skill level 12 in Spellcasting
  8195 | D:9      | Found a sparkling altar of Nemelex Xobeh.
  8275 | D:9      | Noticed a two-headed ogre
  8290 | D:9      | Killed a two-headed ogre
  8291 | D:9      | Reached XP level 11. HP: 57/57 MP: 29/29
  8411 | D:9      | Reached ***** piety under Vehumet
  8417 | D:9      | Offered knowledge of Conjure Ball Lightning by Vehumet.
  8849 | D:10     | Entered Level 10 of the Dungeon
  9036 | D:10     | Found a sacrificial altar of Ru.
  9064 | D:10     | Learned a level 6 spell: Conjure Ball Lightning
  9306 | D:10     | Found a staircase to the Orcish Mines.
  9373 | D:10     | Reached skill level 13 in Spellcasting
  9644 | Orc:1    | Entered Level 1 of the Orcish Mines
  9646 | Orc:1    | Noticed an orc knight
  9847 | D:2      | Bought the ring of the Mage {Wiz Archmagi} for 714 gold
                  | pieces
  9847 | D:2      | Found the ring of the Mage {Wiz Archmagi}
 10225 | Orc:1    | Killed an orc knight
 10226 | Orc:1    | Reached skill level 1 in Armour
 10226 | Orc:1    | Reached skill level 1 in Air Magic
 10463 | D:10     | HP: 3/60 [gargoyle/+0 mace of protection (24)]
 10607 | D:11     | Noticed Lodul
 10841 | D:11     | Found a staircase to the Lair.
 10890 | D:11     | Reached skill level 14 in Spellcasting
 11060 | D:11     | Killed Lodul
 11285 | D:11     | Found Fagafuf's Pet Rocks.
 11346 | D:11     | Reached XP level 12. HP: 47/67 MP: 32/32
 11356 | D:11     | HP: 1/67 [gnoll/+2 spear of venom[a gnoll sergeant] (9)]
 11370 | Lair:1   | Entered Level 1 of the Lair of Beasts
 11498 | Lair:1   | Reached skill level 5 in Fighting
 12001 | Lair:1   | Reached skill level 15 in Spellcasting
 12302 | D:12     | Learned a level 2 spell: Wereblood
 12435 | D:12     | Found a portal to a secret trove of treasure.
 12498 | D:12     | Learned a level 2 spell: Poisonous Vapours
 12502 | D:12     | Learned a level 3 spell: Mephitic Cloud
 12508 | D:12     | Learned a level 5 spell: Freezing Cloud
 12641 | D:12     | Learned a level 5 spell: Fireball
 12963 | D:11     | Got Simple Magic
 13045 | D:11     | Noticed Psyche
 13053 | D:11     | Killed Psyche
 13118 | D:11     | Noticed a two-headed ogre
 13137 | D:11     | Killed a two-headed ogre
 13138 | D:11     | Reached skill level 1 in Transmutations
 13212 | D:11     | Reached skill level 1 in Ice Magic
 13212 | D:11     | Reached skill level 1 in Poison Magic
 13595 | Lair:2   | Reached skill level 1 in Conjurations
 13750 | Lair:2   | Reached skill level 16 in Spellcasting
 14115 | Lair:2   | Offered knowledge of Ozocubu's Refrigeration by Vehumet.
 14128 | Lair:2   | Learned a level 7 spell: Ozocubu's Refrigeration
 14220 | Lair:2   | Found a staircase to the Shoals.
 14244 | Lair:2   | Found a transporter.
 14244 | Lair:2   | Found a transporter.
 14245 | Lair:2   | Noticed a boulder beetle
 14245 | Lair:2   | Noticed a boulder beetle
 14258 | Lair:2   | Killed a boulder beetle
 14259 | Lair:2   | Reached XP level 13. HP: 71/74 MP: 35/35
 14623 | Lair:3   | Found a hole to the Spider Nest.
 14787 | Lair:3   | Identified the +3 leather armour of Okawaru's Inspiration
                  | {Str+4}
 15062 | Lair:3   | Engulfed by a cloud of freezing vapour

Illustrated notes

Levels and vault maps discovered:
D:1:      sevenhm_arrival_forest_fort_small_3, layout_rooms,
          chequers_serial_rivers_room_b, minmay_misc_feat_five
D:2:      layout_loops_ring, dreamdust_ecumenical_altar_angels_and_demons,
          serial_shops, shop
D:3:      layout_basic, grunt_temple_overflow_open, minmay_misc_feat_iff
D:4:      layout_basic, nicolae_overflow_quartered_altars, serial_shops,
          nicolae_diamond_shop
D:5:      layout_loops_ring, lemuel_doored_altar, minmay_misc_feat_rows,
          dreamdust_wishing_well
D:6:      layout_loops_cross, fedhas_altar_fruit_tree,
          minmay_temple_entry_glass, uniq_pikel, uniq_blork_the_orc
D:7:      layout_basic, uniq_menkaure, uniq_joseph, uniq_crazy_yiuf_cottage
D:8:      layout_basic, nicolae_uskayaw_dance_hall, serial_demonic,
          serial_demonic_d, serial_demonic_a, serial_demonic_c,
          serial_demonic_c, nicolae_diode_quadrants
D:9:      layout_irregular_city, kennysheep_little_box, enter_bailey_4,
          minmay_between, uniq_harold
D:10:     layout_basic, nicolae_ru_awakened_eye
D:11:     layout_rooms, hellmonk_lair_entry_icy, serial_ice, serial_ice_j,
          serial_ice_m, serial_ice_o, serial_ice_c, serial_ice_g, serial_ice_f,
          guppyfry_shop_earth, uniq_psyche, uniq_lodul
D:12:     layout_roguey, nicolae_trove_entry_crossroad
Lair:1:   layout_small_grid
Lair:2:   gammafunk_boulding_lane, layout_small_grid, elwin_shoals_entry_rooms
Lair:3:   kb_forest_paths, layout_chaotic_city, spider_nest_entry_rubble
Orc:1:    layout_caves

Skill      XL: |  1  2  3  4  5  6  7  8  9 10 11 12 13 |
---------------+----------------------------------------+-----
Necromancy     | 5 6 7 8 9 10 11 12 | 12.0
Dodging        | 3 4 5 6 7 8 9 |  9.7
Short Blades   | 1 2 3 4 |  4.1
Stealth        | 3 4 5 |  5.9
Spellcasting   | 4 6 7 9 10 12 14 16 | 16.2
Translocations | 1 3 |  3.2
Fire Magic     | 1 4 6 7 |  7.0
Shields        | 1 2 3 |  3.1
Long Blades    | 2 3 |  3.3
Throwing       | 2 |  2.3
Fighting       | 2 4 5 |  5.8
Evocations     | 1 |  1.2
Armour         | 2 3 |  3.2
Air Magic      | 2 3 4 |  4.0
Transmutations | 2 |  2.6
Ice Magic      | 1 2 |  2.0
Poison Magic   | 1 2 |  2.6
Conjurations   | 1 2 |  2.1

Action                     |  1- 3 |  4- 6 |  7- 9 | 10-12 | 13-15 || total
---------------------------+-------+-------+-------+-------+-------++-------
  Melee: Short sword       |    59 |       |       |       |       ||    59
         Unarmed           |     9 |       |       |       |       ||     9
         Punch             |     2 |       |     2 |       |       ||     4
         Rapier            |    18 |    79 |    95 |    35 |     4 ||   231
         Scimitar          |       |       |    14 |   233 |     6 ||   253
  Throw: Dart              |       |     7 |    22 |    63 |       ||    92
         Boomerang         |       |       |       |     3 |       ||     3
   Cast: Vampiric Draining |     2 |    30 |    41 |   192 |       ||   265
         Teleport Other    |       |       |     4 |       |       ||     4
         Scorch            |       |       |    55 |   204 |       ||   259
         Poisonous Vapours |       |       |       |    27 |    10 ||    37
         Freezing Cloud    |       |       |       |    13 |     4 ||    17
         Mephitic Cloud    |       |       |       |     4 |       ||     4
         Wereblood         |       |       |       |     3 |       ||     3
         Fireball          |       |       |       |     2 |     3 ||     5
  Evoke: Wand              |       |       |     5 |    19 |       ||    24
    Use: Scroll            |       |       |       |    21 |       ||    21
         Potion            |       |       |       |     4 |       ||     4
   Stab: Sleeping          |     1 |     7 |    12 |    11 |     1 ||    32
         Confused          |       |       |       |     3 |       ||     3
 Armour: Robe              |    29 |    17 |    35 |    60 |       ||   141
         Troll leather arm |       |       |       |    84 |     3 ||    87
  Dodge: Dodged            |    56 |    94 |   140 |   446 |     7 ||   743
  Block: Buckler           |       |       |       |   120 |     6 ||   126
